 Dungeon Crawl Stone Soup version 0.29-a0-322-g68df515428 (webtiles) character file.

Game seed: 8758342945713496366

268 101zpm the Skirmisher (level 6, 0/39 HPs)
             Began as a Gargoyle Fighter on Apr 8, 2022.
             Slain by a gnoll
             ... wielding a +0 halberd
              (1 damage)
             ... on level 4 of the Dungeon.
             The game lasted 00:05:12 (3380 turns).

101zpm the Skirmisher (Gargoyle Fighter)            Turns: 3380, Time: 00:05:13

Health: 0/39       AC: 14    Str: 21    XL:     6   Next: 21%
Magic:  6/6        EV:  9    Int:  9    God:
Gold:   247        SH:  4    Dex:  9    Spells: 5/5 levels left

rFire   . . .      SeeInvis .   a - +0 flail
rCold   . . .      Faith    .   c - +0 buckler
rNeg    + + .      Spirit   .   b - +0 scale mail
rPois   ∞          Reflect  .   (no helmet)
rElec   +          Harm     .   p - +0 cloak
rCorr   +          Rampage  .   i - +1 pair of gloves
Will    .....                   (no boots)
Stlth   ..........              (no amulet)
HPRegen 0.13/turn               l - ring of positive energy
MPRegen 0.10/turn               s - ring of resist corrosion

@: no status effects
A: sickness immunity, AC +4, negative energy resistance 1, electricity
resistance, torment resistance 1, petrification resistance
a: no special abilities


You were on level 4 of the Dungeon.
You visited 1 branch of the dungeon, and saw 5 of its levels.

You collected 247 gold pieces.

Inventory:

Hand Weapons
 a - a +0 flail (weapon)
 n - the +7 hunting sling "Fafol" {flame, rElec}
   (You found it on level 2 of the Dungeon)

   Any ammunition fired from it burns those it strikes, dealing additional fire
   damage.
   rElec:     It insulates you from electricity.
Missiles
 j - 83 stones (quivered)
Armour
 b - a +0 scale mail (worn)
 c - a +0 buckler (worn)
 i - a +1 pair of gloves (worn)
 p - a +0 cloak (worn)
Jewellery
 l - a ring of positive energy (left hand)
 s - a ring of resist corrosion (right hand)
Scrolls
 g - 3 scrolls of identify {unknown}
 h - a scroll of amnesia {unknown}
 k - a scroll of torment {unknown}
 o - 4 scrolls of teleportation {unknown}
 q - 3 scrolls of noise {unknown}
 r - a scroll of vulnerability {unknown}
Potions
 d - a potion of might
 e - a potion of haste {unknown}
 f - 2 potions of curing {unknown}
 m - a potion of heal wounds {unknown}
 t - a potion of brilliance {unknown}
 u - a potion of resistance {unknown}


   Skills:
 + Level 4.4 Fighting
 + Level 3.5 Maces & Flails
 + Level 2.0 Slings
 + Level 4.3 Armour
 + Level 0.3 Dodging
 + Level 0.9 Stealth
 + Level 4.0 Shields


You had 5 spell levels left.
You didn't know any spells.
Your spell library contained the following spells:

 Spells                   Type           Power      Damage    Failure   Level
 Blink                    Tloc           0%         N/A       91%         2
 Lesser Beckoning         Tloc           0%         N/A       99%         3
 Manifold Assault         Tloc           0%         N/A       100%        5


Dungeon Overview and Level Annotations

Branches:
Dungeon (5/15)
 Temple: D:4-7

Altars:


Innate Abilities, Weirdness & Mutations

You are immune to sickness and miasma.
Your stone body is resilient. (AC +4)
You are immune to poison.
You resist negative energy. (rN+)
You are resistant to electric shocks. (rElec)
You are resistant to unholy torment.
You are immune to petrification.


Message History

You hit the gnoll shaman.
The gnoll shaman is severely wounded.
The gnoll shaman calls upon its god to speed up the gnoll.
The gnoll seems to speed up.
The gnoll shaman hits you but does no damage.
You sock the gnoll shaman!
You kill the gnoll shaman!
The gnoll hits you but does no damage.
You hit the gnoll but do no damage. The gnoll hits you but does no damage.
The gnoll hits you from afar with a +0 halberd!
You sock the gnoll!
The gnoll is almost dead.
The gnoll hits you with a +0 whip. The gnoll barely misses you.
The gnoll hits you but does no damage. The gnoll barely misses you.
You sock the gnoll!
You kill the gnoll!
The gnoll hits you from afar with a +0 halberd.
The gnoll hits you with a +0 halberd.
Items here: ))) [ ††.
You hit the gnoll.
The gnoll is lightly wounded.
The gnoll hits you with a +0 halberd!
* * * LOW HITPOINT WARNING * * *
You hit the gnoll.
The gnoll is moderately wounded.
The gnoll misses you.
You closely miss the gnoll.
The gnoll is moderately wounded.
The gnoll closely misses you. The gnoll barely misses you.
You barely miss the gnoll.
The gnoll is moderately wounded.
The gnoll barely misses you.
You hit the gnoll but do no damage.
The gnoll is moderately wounded.
The gnoll hits you with a +0 halberd.
* * * LOW HITPOINT WARNING * * *
You closely miss the gnoll.
The gnoll is moderately wounded.
The gnoll hits you with a +0 halberd.
You die...

#....# #..# .#
##...†# #.## #.....##
#.# #.##...# #.# .
#...## #.# ##...# #.#
##..## #.# #...# #.#
##..## #@# ##....#
#g# ##.....## ##.#
##....gg.## #..#
##.........# #..#
#..........###..#
#.........g.##..#
##...........g#..#
#.............#..####


You could see a gnoll.

Vanquished Creatures
  A hound (D:4)
  A gnoll shaman (D:4)
  2 iguanas
  An orc wizard (D:3)
  2 gnolls (D:4)
  3 adders
  2 ufetubi (D:5)
  A worm (D:2)
  2 dart slugs
  5 orcs
  6 endoplasms
  4 giant cockroaches (D:1)
  4 goblins
  A hobgoblin (D:1)
  4 quokkas
  4 ball pythons
  7 bats
  5 frilled lizards
  4 kobolds
  6 rats
65 creatures vanquished.

Notes
Turn   | Place    | Note
-------+----------+-------------------------------------------
     0 | D:1      | 101zpm the Gargoyle Fighter began the quest for the Orb.
     0 | D:1      | Reached XP level 1. HP: 14/14 MP: 1/1
   124 | D:1      | Reached XP level 2. HP: 17/20 MP: 2/2
   616 | D:1      | Reached XP level 3. HP: 15/24 MP: 3/3
   617 | D:1      | Found a faded altar of an unknown god.
  1797 | D:2      | Identified the +7 hunting sling "Fafol" {flame, rElec}
  1826 | D:2      | Reached XP level 4. HP: 29/29 MP: 4/4
  2381 | D:3      | Reached skill level 1 in Slings
  2959 | D:5      | Entered Level 5 of the Dungeon
  2961 | D:5      | Reached XP level 5. HP: 33/33 MP: 5/5
  3366 | D:4      | Reached XP level 6. HP: 32/39 MP: 6/6
  3379 | D:4      | HP: 1/39 [gnoll/+0 halberd (3)]
  3380 | D:4      | Slain by a gnoll

Illustrated notes

Levels and vault maps discovered:
D:1:      kilobyte_arrival_exit_the_forest, layout_basic,
          ebering_ecumenical_altar_mist, hex_tiny
D:2:      layout_loops_cross
D:3:      layout_rooms, nicolae_figureground_sparkle
D:4:      layout_cave_pods, minmay_temple_entry_drinking_statues,
          portal_sewer_entry_a
D:5:      layout_cave_pools, serial_gnoll_camp, gnoll_camp_mini_hut,
          gnoll_camp_huts_moat, gnoll_camp_medium_01, gnoll_camp_mini_shop

Skill      XL: |  1  2  3  4  5 |
---------------+----------------+-----
Fighting       | 4 |  4.4
Maces & Flails | 3 |  3.5
Slings         | 1 2 |  2.0
Armour         | 4 |  4.3
Shields        | 4 |  4.0
Dodging        | |  0.3
Stealth        | |  0.9

Action                   |  1- 3 |  4- 6 || total
-------------------------+-------+-------++-------
Melee: Flail             |   107 |    69 ||   176
 Fire: Hunting sling     |       |    33 ||    33
Armor: Scale mail        |    66 |    51 ||   117
Dodge: Dodged            |    60 |    49 ||   109
Block: Buckler           |    24 |    22 ||    46

Table legend: (Time is in decaauts)
 A = Elapsed time spent in this place.
 B = Non-inter-level travel time spent in this place.
 C = Inter-level travel time spent in this place.
 D = Time resting spent in this place.
 E = Time spent auto-exploring this place.
 F = Levels seen in this place.
 G = Mean time per level.
                   A        B        C        D        E       F      G
               +--------+--------+--------+--------+--------+-----+--------+
         Total |   3464 |   3374 |     90 |    544 |   2286 |   5 |  692.8 |
       Dungeon |   3464 |   3374 |     90 |    544 |   2286 |   5 |  692.8 |
               +--------+--------+--------+--------+--------+-----+--------+

Top non-repeatable levels by time:
     D:1: 1166 daAuts
     D:2: 1039 daAuts
     D:3: 818 daAuts
     D:4: 298 daAuts
     D:5: 141 daAuts
